 Dungeon Crawl Stone Soup version 0.27-a0-1296-g8ece459b43 (webtiles) character file.

Game seed: 11208500821336404374

1057 HAL9000 the Covert (level 8, -1/38 HPs)
             Began as a Vine Stalker Brigand on June 16, 2021.
             Slain by a steam dragon (2 damage)
             ... on level 6 of the Dungeon.
             The game lasted 00:09:05 (5631 turns).

HAL9000 the Covert (Vine Stalker Brigand)           Turns: 5631, Time: 00:09:05

Health: -1/38      AC:  4    Str: 16    XL:     8   Next: 26%
Magic:  0/9        EV: 11    Int: 11    God:
Gold:   234        SH:  0    Dex: 16    Spells: 7/7 levels left

rFire    . . .     SeeInvis .   a - +2 dagger
rCold    . . .     Faith    +   (no shield)
rNeg     . . .     Spirit   +   b - +0 robe
rPois    +         Reflect  .   (no helmet)
rElec    .         Harm     .   c - +0 cloak
rCorr    .         Rampage  .   (no gloves)
Will     +....                  j - +0 pair of boots
Stlth    +++++.....             o - amulet of faith
HPRegen  1.12/turn              B - ring of poison resistance
MPRegen  0.11/turn              (no ring)

@: hasted, very quick
A: fangs 3, regeneration 1, magic shield, antimagic bite, no potion heal 2
a: no special abilities


You were on level 6 of the Dungeon.
You visited 1 branch of the dungeon, and saw 6 of its levels.

You collected 234 gold pieces.

Inventory:

Hand Weapons
 a - a +2 dagger (weapon)
Missiles
 d - 7 poisoned darts (quivered)
 e - 4 curare-tipped darts
 y - 3 silver javelins
 D - 3 boomerangs
Armour
 b - a +0 robe (worn)
 c - a +0 cloak (worn)
 j - a +0 pair of boots (worn)
Jewellery
 o - an amulet of faith (around neck)
 B - a ring of poison resistance (left hand)
 G - a +4 ring of evasion
Wands
 v - a wand of mindburst (13)
 C - a wand of flame (26)
 F - a wand of paralysis (11)
Scrolls
 k - a scroll of noise {unknown}
 l - 2 scrolls of immolation {unknown}
 m - 3 scrolls of fog {unknown}
 n - a scroll of fear {unknown}
 p - a scroll of enchant weapon {unknown}
 r - a scroll of amnesia {unknown}
 s - 2 scrolls of teleportation {unknown}
 t - a scroll of acquirement {unknown}
 u - a scroll of torment {unknown}
 w - 5 scrolls of identify {unknown}
 z - a scroll of magic mapping {unknown}
Potions
 f - 2 potions of lignification {unknown}
 g - 3 potions of haste
 h - a potion of brilliance {unknown}
 i - 2 potions of heal wounds {unknown}
 q - a potion of curing {unknown}
 x - a potion of berserk rage {unknown}
 A - a potion of attraction {unknown}
 E - a potion of degeneration {unknown}


   Skills:
 - Level 1.7 Fighting
 + Level 6.0 Short Blades
 - Level 1.7 Throwing
 - Level 0.7 Dodging
 - Level 10.2 Stealth


You had 7 spell levels left.
You didn't know any spells.
Your spell library contained the following spells:

 Spells                   Type           Power      Damage    Failure   Level
 Animate Skeleton         Necr           0%         N/A       34%         1
 Apportation              Tloc           0%         N/A       34%         1
 Corona                   Hex            0%         N/A       34%         1
 Summon Small Mammal      Summ           0%         N/A       34%         1


Dungeon Overview and Level Annotations

Branches:
Dungeon (6/15)
 Temple: D:4-7

Altars:
Ashenzari
Cheibriados
Dithmenos
Kikubaaqudgha
Trog
Xom
Zin

Shops:
D:3 :


Innate Abilities, Weirdness & Mutations

You have razor-sharp teeth.
Your natural rate of healing is unusually fast.
When hurt, damage is shared between your health and your magic reserves.
Your bite disrupts and absorbs the magic of your enemies.
Potions cannot restore your health.


Message History

l - 2 scrolls labelled ATYBEH AWIUGGEDU (gained 1) Throw: 8 darts (poison)
Press: ? - help, Q - select action, (/) - cycle Shift-Dir - straight line, f - steam dragon
Aim: a steam dragon (asleep, 98% to hit)
You throw a poisoned dart.
The poisoned dart hits the steam dragon.
The steam dragon is poisoned.
The steam dragon hisses angrily.
Found an amulet of faith.
The steam dragon breathes steam at you. The ball of steam hits you!!
You barely miss the steam dragon. You bite the steam dragon.
You drain its power.
You feel invigorated.
The steam dragon is lightly wounded.
You are engulfed in a cloud of scalding steam.
The steam dragon completely misses you. The steam dragon closely misses you.
You hit the steam dragon.
The steam dragon is moderately wounded.
You are engulfed in a cloud of scalding steam.
The steam dragon looks more healthy.
You hit the steam dragon but do no damage.
The steam dragon is moderately wounded.
You are engulfed in a cloud of scalding steam.
* * * LOW HITPOINT WARNING * * *
The steam dragon bites you.
* * * LOW HITPOINT WARNING * * *
The steam dragon claws you.
* * * LOW HITPOINT WARNING * * *
You closely miss the steam dragon. Your bite misses the steam dragon.
The steam dragon is moderately wounded.
The steam dragon bites you.
* * * LOW HITPOINT WARNING * * *
The steam dragon claws you.
* * * LOW HITPOINT WARNING * * *
Unknown command.
It was a potion of haste.
You feel yourself speed up. The steam dragon bites you.
* * * LOW HITPOINT WARNING * * *
The steam dragon claws you.
You die...

..#
#....#..#..#########)##.###.
..# .#
.....#...#.##.##.....))..
..#..#
"....................####
.....#
..............#......# #.
.##..#
#....§.......###..<.## #.
.[# .# #........## ###[## #.
.## # #§.§......# ###.#####.
## ##...§...## #....#....
.....# #...§@§...#
#......... .#####
#...###D...#...#....... .#
#... .......#.##...... ##
....# ..........#.......
##... ..................
#... ..(.........##..## #..
.....(.... #..## ........#.
##..# ..# ...


You could see a steam dragon (catching breath).

Vanquished Creatures
  Sigmund (D:6)
  Edmund (D:5)
  A necrophage (D:5)
  An ice beast (D:5)
  A centaur (D:5)
  A scorpion (D:5)
  A water moccasin skeleton (D:5)
  A centaur zombie (D:5)
  2 jellies
  An orc priest (D:6)
  A bullfrog skeleton (D:5)
  An iguana (D:5)
  An orc wizard (D:6)
  A scorpion zombie (D:5)
  A hound skeleton (D:5)
  3 gnolls (D:5)
  3 adders (D:2)
  A shadow imp (D:5)
  A white imp (D:6)
  An adder skeleton (D:4)
  3 worms
  2 dart slugs
  8 orcs
  4 endoplasms
  7 giant cockroaches
  7 hobgoblins
  7 jackals
  5 quokkas
  4 ball pythons
  8 bats
  4 frilled lizards
  5 goblins
  9 kobolds
  5 rats
103 creatures vanquished.

Vanquished Creatures (others)
  A withered plant (D:5)
1 creature vanquished.

Grand Total: 104 creatures vanquished

Notes
Turn   | Place    | Note
-------+----------+-------------------------------------------
     0 | D:1      | HAL9000 the Vine Stalker Brigand began the quest for the
                  | Orb.
     0 | D:1      | Reached XP level 1. HP: 11/11 MP: 2/2
    73 | D:1      | Reached skill level 5 in Stealth
   267 | D:1      | Reached XP level 2. HP: 15/15 MP: 3/3
   470 | D:1      | Found a faded altar of an unknown god.
   594 | D:1      | Found Muesuumu's Assorted Antiques.
   826 | D:1      | Reached skill level 6 in Stealth
   976 | D:1      | Reached XP level 3. HP: 18/18 MP: 4/4
  1925 | D:2      | Gained mutation: Your natural rate of healing is unusually
                  | fast. [Vine Stalker growth]
  1925 | D:2      | Reached XP level 4. HP: 23/23 MP: 5/5
  1975 | D:2      | Reached skill level 7 in Stealth
  2624 | D:3      | Found Iliadep's Book Shoppe.
  3481 | D:4      | Reached XP level 5. HP: 26/26 MP: 3/6
  3622 | D:4      | Reached skill level 8 in Stealth
  3768 | D:4      | Found a snail-covered altar of Cheibriados.
  3989 | D:4      | Found a bloodstained altar of Trog.
  4150 | D:5      | Entered Level 5 of the Dungeon
  4191 | D:5      | Noticed a necrophage
  4192 | D:5      | Found a shadowy altar of Dithmenos.
  4244 | D:5      | Reached skill level 9 in Stealth
  4244 | D:5      | Reached XP level 6. HP: 26/30 MP: 5/7
  4300 | D:5      | Killed a necrophage
  4368 | D:5      | Reached skill level 10 in Stealth
  4510 | D:5      | Reached XP level 7. HP: 24/34 MP: 5/8
  4686 | D:5      | Found an ancient bone altar of Kikubaaqudgha.
  4815 | D:5      | Found a broken altar of Ashenzari.
  5185 | D:6      | Noticed Edmund
  5194 | D:6      | Noticed Sigmund
  5275 | D:5      | Killed Edmund
  5276 | D:5      | Reached skill level 5 in Short Blades
  5355 | D:6      | Killed Sigmund
  5356 | D:6      | Gained mutation: You have razor-sharp teeth. [Vine Stalker
                  | growth]
  5356 | D:6      | Reached XP level 8. HP: 33/38 MP: 5/9
  5448 | D:6      | Found a shimmering altar of Xom.
  5448 | D:6      | Noticed an angel
  5525 | D:6      | Found a glowing silver altar of Zin.
  5631 | D:6      | HP: 1/38 [steam dragon (4)]
  5631 | D:6      | Slain by a steam dragon

Illustrated notes

Levels and vault maps discovered:
D:1:      beargit_arrival_diablo_church, layout_basic, basic_ecumenical_altar,
          serial_shops, nicolae_shop_trees
D:2:      layout_basic
D:3:      layout_loops_corners, serial_shops, shop
D:4:      layout_basic, lightli_temple_of_fire, slow_altar_2
D:5:      layout_basic, kiku_gazebo_garden_becter, hangedman_feature_mirror
D:6:      layout_cave_pools, grunt_temple_overflow_order_and_chaos_1,
          sigmund_edmund_badplayer

Skill      XL: |  1  2  3  4  5  6  7  8 |
---------------+-------------------------+-----
Stealth        | 5 6 7 9 10 | 10.2
Short Blades   | 2 5 6 |  6.0
Fighting       | |  1.7
Throwing       | |  1.7
Dodging        | |  0.7

Action                   |  1- 3 |  4- 6 |  7- 9 || total
-------------------------+-------+-------+-------++-------
Melee: Dagger            |    84 |   188 |    68 ||   340
       Bite              |    16 |    63 |    27 ||   106
Throw: Dart              |     3 |     3 |    19 ||    25
       Boomerang         |       |       |     3 ||     3
Evoke: Wand              |       |     1 |       ||     1
  Use: Potion            |       |       |     1 ||     1
 Stab: Sleeping          |    13 |    19 |     5 ||    37
Armor: Robe              |    21 |    52 |     7 ||    80
Dodge: Dodged            |    54 |   105 |    23 ||   182

Table legend: (Time is in decaauts)
 A = Elapsed time spent in this place.
 B = Non-inter-level travel time spent in this place.
 C = Inter-level travel time spent in this place.
 D = Time resting spent in this place.
 E = Time spent auto-exploring this place.
 F = Levels seen in this place.
 G = Mean time per level.
                   A        B        C        D        E       F      G
               +--------+--------+--------+--------+--------+-----+--------+
         Total |   5592 |   5477 |    115 |    836 |   3612 |   6 |  932.0 |
       Dungeon |   5592 |   5477 |    115 |    836 |   3612 |   6 |  932.0 |
               +--------+--------+--------+--------+--------+-----+--------+

Top non-repeatable levels by time:
     D:2: 1257 daAuts
     D:5: 1114 daAuts
     D:1: 1112 daAuts
     D:3: 1085 daAuts
     D:4: 706 daAuts
     D:6: 317 daAuts
